AoeStats
← Pepe Pig

Black Forest

510244983Analyzed
3v3 RM · 2d ago on Sep 30, 2026· 123m 12s· 6 players
Game mode
Random Map
Map size
Normal (6 player)
Population
200
Speed
Normal
Resources
Standard
Victory
Conquest
Starting age
Dark Age
Ending age
Imperial Age
RankedLock teamsTeams togetherTeam positionsShared explorationLock speedFull tech treeHidden civsTurbo modeCheats
Victory
Defeat
🇦🇷 Spanish · Argentina
701
+15
🇨🇦 Saracens · Canada
696
+15
🇨🇦 Lithuanians · Canada
689
+16
🇲🇽 Aztecs · Mexico
720
-17
🇲🇽 Chinese · Mexico
711
-16
🇲🇽 Bulgarians · Mexico
625
-13
Lectron
0:38 Loom
17:19 Feudal Age
18:20 Double-Bit Axe
18:20 Horse Collar
24:37 Castle Age
23:59 Wheelbarrow
23:18 Gold Mining
23:22 Stone Mining
23:43 Forging
23:35 Scale Mail Armor
24:55 Arson
26:10 Gold Shaft Mining
25:43 Heavy Plow
25:56 Bow Saw
26:01 Squires
25:23 Pikeman
27:54 Iron Casting
27:35 Chain Mail Armor
29:49 Hand Cart
29:25 Town Watch
31:54 Town Patrol
40:47 Imperial Age
38:54 Elite Skirmisher
39:29 Fletching
39:39 Padded Archer Armor
40:14 Bodkin Arrow
40:35 Leather Archer Armor
40:34 Scale Barding Armor
40:35 Great Wall
42:45 Chemistry
42:07 Ballistics
42:33 Bracer
43:33 Blast Furnace
42:20 Heavy Rocket Cart
43:51 Plate Mail Armor
44:09 Ring Archer Armor
44:22 Stone Shaft Mining
47:16 Rocketry
47:22 Elite Fire Lancer
48:42 Conscription
48:34 Caravan
49:36 Coinage
49:58 Illumination
49:51 Block Printing
50:19 Theocracy
49:50 Atonement
51:03 Masonry
51:06 Fortified Wall
50:55 Murder Holes
52:31 Halberdier
53:36 Chain Barding Armor
53:27 Elite Chu Ko Nu
82:25 Architecture
101:13 Banking
Marcus12
10:27 Loom
13:12 Feudal Age
14:05 Man-at-Arms
18:49 Double-Bit Axe
25:43 Castle Age
25:47 Forging
27:00 Wheelbarrow
25:58 Long Swordsman
27:12 Crossbowman
27:14 Elite Skirmisher
31:24 Bow Saw
32:50 Iron Casting
33:47 Fletching
35:15 Gold Mining
35:13 Pikeman
38:02 Bodkin Arrow
38:56 Padded Archer Armor
40:52 Hand Cart
48:14 Imperial Age
46:32 Ballistics
48:39 Scale Mail Armor
48:55 Leather Archer Armor
50:07 Blast Furnace
49:23 Chain Mail Armor
49:09 Bracer
48:53 Onager
52:40 Chemistry
55:14 Redemption
59:36 Atlatl
59:59 Garland Wars
60:28 Squires
63:00 Plate Mail Armor
72:33 Siege Onager
75:56 Atlatl
Pepe Pig
12:19 Feudal Age
12:27 Feudal Age
13:15 Double-Bit Axe
16:09 Horse Collar
27:08 Castle Age
29:42 Wheelbarrow
31:35 Bow Saw
31:30 Heavy Plow
31:22 Gold Mining
31:22 Stone Mining
32:19 Hand Cart
31:49 Town Watch
34:27 Gold Shaft Mining
34:28 Stone Shaft Mining
34:59 Forging
34:56 Scale Barding Armor
34:54 Scale Mail Armor
39:47 Imperial Age
37:19 Town Patrol
37:06 Loom
37:27 Pikeman
38:08 Squires
37:55 Gambesons
37:57 Arson
43:40 Iron Casting
43:25 Chain Barding Armor
43:20 Chain Mail Armor
42:45 Elite Konnik
43:28 Halberdier
49:11 Blast Furnace
48:47 Plate Barding Armor
48:45 Plate Mail Armor
49:49 Stirrups
49:55 Bagains
50:16 Conscription
59:31 Light Cavalry
60:22 Bloodlines
65:40 Hussar
69:28 Caravan
69:12 Hussar
69:56 Husbandry
甲甲 Molodecre
14:34 Feudal Age
15:15 Man-at-Arms
21:08 Loom
23:41 Castle Age
21:58 Fletching
22:10 Double-Bit Axe
25:16 Forging
26:31 Long Swordsman
26:33 Elite Skirmisher
28:49 Bow Saw
35:14 Horse Collar
43:57 Heavy Plow
44:44 Wheelbarrow
43:54 Town Watch
47:45 Imperial Age
46:20 Iron Casting
49:31 Blast Furnace
49:33 Chemistry
49:04 Elite Mameluke
50:04 Conscription
50:38 Ballistics
50:25 Siege Engineers
50:56 Hand Cart
50:41 Town Patrol
50:39 Bodkin Arrow
50:50 Scale Barding Armor
51:11 Thumb Ring
52:05 Elite Mameluke
53:06 Conscription
54:20 Husbandry
54:43 Light Cavalry
55:33 Bloodlines
56:12 Hussar
57:26 Chain Barding Armor
57:07 Bracer
58:10 Two-Man Saw
60:08 Fortified Wall
66:00 Squires
68:28 Caravan
78:23 Gold Mining
78:24 Stone Mining
81:35 Plate Barding Armor
81:01 Scale Mail Armor
81:01 Padded Archer Armor
83:37 Chain Mail Armor
86:35 Plate Mail Armor
86:20 Leather Archer Armor
90:54 Ring Archer Armor
89:46 Pikeman
90:13 Arson
90:44 Masonry
100:55 Hoardings
100:31 Counterweights
100:09 Gambesons
100:22 Murder Holes
114:51 Heavy Camel Rider
114:52 Two-Handed Swordsman
115:25 Guard Tower
Infinite_Cosmos
10:58 Feudal Age
18:45 Castle Age
22:47 Double-Bit Axe
24:39 Bow Saw
24:16 Horse Collar
29:13 Heavy Plow
34:54 Imperial Age
36:08 Crop Rotation
38:31 Light Cavalry
41:20 Two-Man Saw
46:05 Guilds
45:31 Cavalier
48:07 Forging
48:03 Scale Barding Armor
49:28 Gold Mining
51:07 Iron Casting
50:53 Chain Barding Armor
53:30 Winged Hussar
53:33 Paladin
54:26 Bloodlines
54:16 Husbandry
54:46 Masonry
54:50 Fortified Wall
56:52 Plate Barding Armor
56:07 Loom
56:58 Wheelbarrow
64:26 Architecture
65:34 Treadmill Crane
66:11 Padded Archer Armor
66:12 Scale Mail Armor
66:06 Stone Mining
70:56 Squires
70:17 Pikeman
70:18 Man-at-Arms
104:58 Devotion
105:21 Heresy
104:51 Long Swordsman
104:52 Halberdier
105:18 Arson
105:40 Murder Holes
109:02 Two-Handed Swordsman
110:17 Coinage
110:06 Chain Mail Armor
110:07 Leather Archer Armor
109:43 Fletching
110:28 Ballistics
110:00 Heated Shot
112:12 Banking
114:31 Hand Cart
120:11 Town Watch
Alanvzqq
0:48 Loom
13:23 Feudal Age
14:44 Wheelbarrow
13:51 Horse Collar
13:57 Double-Bit Axe
13:59 Town Watch
21:12 Castle Age
21:39 Gold Mining
22:11 Hand Cart
22:08 Bow Saw
21:49 Stone Mining
22:02 Heavy Plow
23:50 Stone Shaft Mining
25:38 Town Patrol
30:59 Fortified Wall
31:00 Masonry
35:19 Caravan
40:43 Imperial Age
39:23 Forging
39:18 Scale Barding Armor
39:15 Scale Mail Armor
39:05 Fletching
39:15 Padded Archer Armor
39:39 Ballistics
39:15 Murder Holes
39:11 Guard Tower
42:57 Chemistry
42:27 Architecture
42:32 Keep
41:43 Arrowslits
42:30 Coinage
42:10 Guilds
42:42 Iron Casting
42:22 Chain Mail Armor
42:27 Chain Barding Armor
42:15 Pikeman
42:55 Squires
42:41 Arson
42:56 Onager
43:05 Halberdier
45:19 Blast Furnace
44:14 Bodkin Arrow
44:35 Leather Archer Armor
45:25 Two-Man Saw
47:07 Elite Skirmisher
48:11 Supremacy
47:11 Elite Conquistador
47:51 Inquisition
47:22 Sappers
48:27 Hoardings
47:22 Sappers
48:12 Conscription
47:51 Capped Ram
48:42 Thumb Ring
48:21 Heavy Mounted Crossbowman
50:49 Banking
50:58 Plate Barding Armor
50:54 Plate Mail Armor
50:24 Bracer
50:54 Ring Archer Armor
50:47 Bombard Tower
52:08 Cavalier
52:48 Husbandry
53:00 Bloodlines
52:11 Light Cavalry
53:19 Paladin
53:20 Hussar
55:05 Siege Ram
83:30 Redemption
83:21 Atonement
83:32 Fervor
83:38 Block Printing
83:48 Illumination
83:24 Devotion
83:45 Sanctity
83:45 Heresy
84:01 Theocracy
83:22 Herbal Medicine
90:56 Man-at-Arms
91:21 Gambesons
92:03 Faith
123:05 Spies/Treason
Connection lost

Rejoining the realm…

Still unreachable

The connection could not be restored.

Session expired

The server has moved on; the page needs a fresh start.